 Dungeon Crawl Stone Soup version 0.22.1-1-ga44c0e5 (webtiles) character file.

14966 nicolaieve the Bludgeoner (level 11, -2/102 HPs)
             Began as a Minotaur Berserker on Sept 25, 2018.
             Was a High Priest of Trog.
             Slain by a four-headed hydra (4 damage)
             ... on level 2 of the Lair of Beasts on Oct 23, 2018.
             The game lasted 00:47:40 (9564 turns).

nicolaieve the Bludgeoner (Minotaur Berserker)      Turns: 9564, Time: 00:47:42

Health: -2/102     AC: 19    Str: 23    XL:     11   Next: 95%
Magic:  0/10       EV:  9    Int:  4    God:    Trog [*****.]
Gold:   713        SH:  0    Dex: 12    Spells: 10/10 levels left

rFire    . . .     SeeInvis .   g - +0 morningstar (protect)
rCold    . . .     Gourm    .   (no shield)
rNeg     . . .     Faith    .   q - +0 chain mail
rPois    +         Spirit   +   (helmet restricted)
rElec    .         Reflect  .   d - +0 cloak
rCorr    .         Harm     .   v - +0 pair of gloves
MR       .....                  n - +2 pair of boots
Stlth    ..........             l - amulet of guardian spirit
HPRegen  0.27/turn              C - ring of poison resistance
MPRegen  0.12/turn              (no ring)

@: lethally poisoned (-2 -> -3), berserk cooldown, slowed, very slow
A: retaliatory headbutt, horns 2
a: Berserk, Trog's Hand, Brothers in Arms, Renounce Religion


You were on level 2 of the Lair of Beasts.
You worshipped Trog.
Trog was extremely pleased with you.
You were very hungry.

You visited 2 branches of the dungeon, and saw 12 of its levels.
You also visited: Sewer.

You collected 713 gold pieces.

Inventory:

Hand Weapons
 g - a +0 morningstar of protection (weapon)
 G - a +1 whip of flaming
 H - a +2 fustibalus of freezing
Missiles
 e - 438 stones (quivered)
 p - 120 sling bullets
Armour
 d - a +0 cloak (worn)
 n - a +2 pair of boots (worn)
 q - a +0 chain mail (worn)
 v - a +0 pair of gloves (worn)
 N - a +2 ring mail of cold resistance
Jewellery
 l - an amulet of guardian spirit (around neck)
 r - an uncursed amulet of regeneration {unknown}
 y - an uncursed amulet of regeneration {unknown}
 C - a ring of poison resistance (left hand)
 L - a cursed ring of wizardry {unknown}
Wands
 u - a wand of iceblast (12)
 F - a wand of enslavement (17)
 I - a wand of flame (25)
Scrolls
 a - 7 scrolls of remove curse
 f - a scroll of torment {unknown}
 h - 2 scrolls of immolation
 i - 3 scrolls of fog {unknown}
 k - 2 scrolls of noise {unknown}
 m - 10 scrolls of teleportation {unknown}
 s - a scroll of fear {unknown}
 t - a scroll of amnesia {unknown}
 w - 3 scrolls of blinking {unknown}
 x - 5 scrolls of magic mapping {unknown}
 D - a scroll of summoning {unknown}
Potions
 b - 6 potions of heal wounds
 j - a potion of agility
 o - 4 potions of curing
 z - a potion of ambrosia
 A - 2 potions of flight
 B - a potion of mutation
 K - 2 potions of lignification
Comestibles
 c - 25 rations
 M - 4 chunks of flesh


   Skills:
 + Level 11.5 Fighting
 - Level 16.0 Maces & Flails
 + Level 12.0 Armour
 - Level 2.1 Dodging


You had 10 spell levels left.
You didn't know any spells.
Your spell library was empty.

Dungeon Overview and Level Annotations

Branches:
Dungeon (10/15)            Temple (0/1) D:7            Lair (2/6) D:10
  Snake (0/4) Lair:2          Orc (0/2) D:9
  Swamp: Lair:2-4    Shoals: Lair:2-4

Altars:
Ashenzari
Cheibriados
Hepliaklqana
Okawaru
Ru
Sif Muna
Trog
Vehumet
Xom
Zin
The Shining One

Shops:
D:9 }

Annotations:
Lair:2 1 runed door, Maniyck's ghost, novice TrFi


Innate Abilities, Weirdness & Mutations

You reflexively headbutt those who attack you in melee.
You have a pair of horns on your head.


Message History

You feel sick.
You feel sick.
A spiny frog comes into view.
Okay, then.
Eat one of 5 chunks of flesh? (ye/n/q)
You eat one of the 5 chunks of flesh.
This raw flesh tastes terrible.
You are feeling very hungry.
You feel sick.
The spiny frog gives a loud, deep croak!
You feel much better. The four-headed hydra bites you!
* * * LOW HITPOINT WARNING * * *
The four-headed hydra bites you.
* * * LOW HITPOINT WARNING * * *
The four-headed hydra closely misses you.
The four-headed hydra bites you!
* * * LOW HITPOINT WARNING * * *
The four-headed hydra bites you!
* * * LOW HITPOINT WARNING * * *
The four-headed hydra bites you.
You die...

##. .... .... .....
....F# ♣## ....###
♣..## ## #..P##
♣....##. #D@.#
.♣.♣....#.. ##.##
#♣i♣....##.#####..#
⌠#♣♣#+...#..#...#.#
...#.....##..#...##
.......(..†.....P#
................##
..<..(...†.....##
.......†......##


You could see a four-headed hydra and a spiny frog.

Vanquished Creatures
  A centaur warrior (D:8)
  2 hydras (Lair:1)
  A two-headed ogre (D:10)
  Pikel (D:8)
  An ugly thing (D:9)
  2 black mambas (Lair:1)
  2 centaur zombies
  Joseph (D:8)
  7 spiny frogs
  A rime drake (Lair:1)
  A komodo dragon (Lair:1)
  An efreet (D:8)
  A slime creature (D:8)
  Prince Ribbit (D:7)
  A hippogriff (Lair:1)
  2 wyverns (D:10)
  A hungry ghost (D:8)
  Eustachio (D:6)
  Menkaure (D:6)
  4 nagas (Lair:2)
  A water moccasin (D:10)
  3 porcupines
  An ice beast (D:6)
  4 slaves (D:8)
  4 sky beasts
  4 wolves (Lair:1)
  A phantom (D:7)
  7 ogres
  2 crocodiles
  16 bullfrogs
  2 big kobolds
  A scorpion (D:8)
  12 killer bees
  9 wights
  A howler monkey (D:4)
  A bullfrog zombie (D:7)
  4 crimson imps
  A quasit (D:10)
  2 jellies
  4 orc priests
  8 hounds
  A bullfrog skeleton (D:7)
  2 centaur skeletons
  3 iguanas
  9 orc wizards
  3 worker ants
  A hound zombie (D:5)
  2 hound skeletons
  A worker ant zombie (D:7)
  3 gnolls (D:7)
  16 adders
  7 river rats (Sewer)
  2 shadow imps
  An ooze (D:4)
  An adder skeleton (D:7)
  A worm (D:5)
  The ghost of dscm the Shield-Bearer, a weakling OpFi (D:3)
  7 dart slugs
  A leopard gecko (D:3)
  50 orcs
  7 giant cockroaches
  10 goblins
  5 hobgoblins
  8 jackals (D:5)
  5 quokkas
  14 ball pythons
  5 bats
  8 frilled lizards
  A jackal zombie (D:5)
  13 kobolds
  A quokka skeleton (D:4)
  27 rats
337 creatures vanquished.

Vanquished Creatures (others)
  2 plants
2 creatures vanquished.

Grand Total: 339 creatures vanquished

Notes
Turn   | Place    | Note
-------+----------+-------------------------------------------
     0 | D:1      | nicolaieve the Minotaur Berserker began the quest for the
                  | Orb.
     0 | D:1      | Reached XP level 1. HP: 19/19 MP: 0/0
   108 | D:1      | Reached skill level 4 in Maces & Flails
   186 | D:1      | Reached XP level 2. HP: 18/26 MP: 1/1
   269 | D:1      | Reached ** piety under Trog
   309 | D:1      | Reached skill level 5 in Maces & Flails
   497 | D:1      | Reached XP level 3. HP: 31/31 MP: 2/2
   790 | D:2      | Found a radiant altar of Vehumet.
   922 | D:2      | Reached skill level 6 in Maces & Flails
   922 | D:2      | Reached XP level 4. HP: 39/39 MP: 3/3
  1177 | D:3      | Found a snail-covered altar of Cheibriados.
  1193 | D:3      | Reached XP level 5. HP: 45/45 MP: 2/4
  1194 | D:3      | Reached skill level 7 in Maces & Flails
  1332 | D:3      | Noticed dscm's ghost (weakling OpFi)
  1382 | D:3      | Found a glowing golden altar of the Shining One.
  1585 | D:3      | Found a runed door.
  1597 | D:3      | Found a shimmering altar of Xom.
  1791 | D:3      | Killed dscm's ghost
  1895 | D:4      | Reached skill level 8 in Maces & Flails
  1899 | D:4      | Reached XP level 6. HP: 43/51 MP: 3/5
  1920 | D:4      | Reached *** piety under Trog
  1928 | D:4      | Noticed a sky beast
  1942 | D:4      | Killed a sky beast
  1972 | D:4      | Reached skill level 9 in Maces & Flails
  2275 | D:4      | Reached XP level 7. HP: 44/57 MP: 6/6
  2276 | D:4      | Found a glowing drain.
  2289 | Sewer    | Entered a sewer
  2527 | Sewer    | Reached **** piety under Trog
  2534 | Sewer    | Reached skill level 10 in Maces & Flails
  2671 | D:4      | Found a bloodstained altar of Trog.
  2704 | D:4      | Reached skill level 11 in Maces & Flails
  2876 | D:4      | Found an iron altar of Okawaru.
  3029 | D:5      | Entered Level 5 of the Dungeon
  3196 | D:5      | Reached XP level 8. HP: 64/64 MP: 7/7
  3460 | D:5      | Found a hazy altar of Hepliaklqana.
  3463 | D:5      | Found a sacrificial altar of Ru.
  3466 | D:5      | Found a glowing golden altar of the Shining One.
  3469 | D:5      | Found a glowing silver altar of Zin.
  3988 | D:6      | Reached skill level 12 in Maces & Flails
  4170 | D:6      | Noticed Menkaure
  4180 | D:6      | Killed Menkaure
  4235 | D:6      | Reached skill level 13 in Maces & Flails
  4509 | D:6      | Reached XP level 9. HP: 54/70 MP: 6/8
  4585 | D:6      | Reached skill level 14 in Maces & Flails
  4609 | D:6      | Noticed Eustachio
  4617 | D:6      | Killed Eustachio
  4722 | D:6      | Found a deep blue altar of Sif Muna.
  5069 | D:7      | Reached skill level 15 in Maces & Flails
  5113 | D:7      | Noticed Prince Ribbit
  5126 | D:7      | Killed Prince Ribbit
  5126 | D:7      | Reached ***** piety under Trog
  5254 | D:7      | Reached skill level 16 in Maces & Flails
  5454 | D:7      | Found a staircase to the Ecumenical Temple.
  5630 | D:7      | Reached XP level 10. HP: 80/80 MP: 9/9
  5898 | D:8      | Noticed Joseph
  5908 | D:8      | Killed Joseph
  5908 | D:8      | Reached skill level 5 in Fighting
  5970 | D:8      | Noticed a centaur warrior
  5973 | D:8      | Noticed Pikel
  5975 | D:8      | Killed a centaur warrior
  5978 | D:8      | Received a gift from Trog
  5996 | D:8      | Killed Pikel
  6117 | D:9      | Found a shattered altar of Ashenzari.
  6212 | D:9      | Found Vaaquzof's Gadget Shop.
  6256 | D:9      | Found a staircase to the Orcish Mines.
  6269 | D:9      | Noticed a purple ugly thing
  6286 | D:9      | Killed a purple ugly thing
  6431 | D:9      | Found a deep blue altar of Sif Muna.
  6978 | D:10     | Entered Level 10 of the Dungeon
  7131 | D:10     | Reached XP level 11. HP: 91/95 MP: 8/10
  7219 | D:10     | Found a staircase to the Lair.
  7306 | D:10     | Noticed a two-headed ogre
  7312 | D:10     | Killed a two-headed ogre
  8372 | Lair:1   | Entered Level 1 of the Lair of Beasts
  8461 | Lair:1   | Noticed a seven-headed hydra
  8469 | Lair:1   | Killed a seven-headed hydra
  8542 | Lair:1   | Reached skill level 10 in Fighting
  8558 | Lair:1   | Reached skill level 10 in Armour
  8580 | Lair:1   | Noticed an eight-headed hydra
  8658 | Lair:1   | Killed an eight-headed hydra
  9441 | Lair:1   | You fall through a shaft!
  9447 | Lair:2   | Found a staircase to the Snake Pit.
  9489 | Lair:2   | Found a runed door.
  9491 | Lair:2   | Noticed a spriggan rider
  9491 | Lair:2   | Noticed Maniyck's ghost (novice TrFi)
  9560 | Lair:2   | Noticed a four-headed hydra
  9564 | Lair:2   | HP: 2/102 [four-headed hydra (6)]
  9564 | Lair:2   | Slain by a four-headed hydra

Skill      XL: |  1  2  3  4  5  6  7  8  9 10 11 |
---------------+----------------------------------+-----
Maces & Flails | 4 5 6 8 9 11 13 16 | 16.0
Fighting       | 4 8 11 | 11.5
Armour         | 3 8 12 | 12.0
Dodging        | |  2.1

Action                   |  1- 3 |  4- 6 |  7- 9 | 10-12 || total
-------------------------+-------+-------+-------+-------++-------
Melee: Mace              |    35 |       |       |       ||    35
       Headbutt          |    15 |    24 |    84 |    78 ||   201
       Whip              |    49 |    75 |       |       ||   124
       Morningstar       |       |    68 |   426 |   343 ||   837
Invok: Berserk           |     1 |     3 |     8 |     8 ||    20
       Trog's Hand       |       |     2 |     4 |     3 ||     9
  Use: Scroll            |       |     4 |     4 |     4 ||    12
       Potion            |       |       |       |     2 ||     2
  Eat: Chunk             |     1 |     7 |    18 |    12 ||    38
       Ration            |       |       |     1 |     3 ||     4
Armor: Animal skin       |     8 |       |       |       ||     8
       Scale mail        |    11 |     5 |       |       ||    16
       Chain mail        |       |    84 |   309 |   193 ||   586
Dodge: Dodged            |    45 |    50 |   207 |   133 ||   435
